 Dungeon Crawl Stone Soup version 0.31.0-32-g396128a36d (webtiles) character file.

Game seed: 17217835443828597917

205 spaghetti the Shooter (level 5, 45/45 HPs)
             Began as a Naga Hunter on Mar 11, 2024.
             Was a Follower of Trog.
             Quit the game on level 3 of the Dungeon.
             The game lasted 00:03:21 (2508 turns).

spaghetti the Shooter (Naga Hunter)                 Turns: 2508, Time: 00:03:22

Health: 45/45      AC:  3    Str: 11 (14) XL:     5   Next: 83%
Magic:  5/5        EV:  9    Int: 10 (11) God:    Trog [*.....]
Gold:   116        SH:  0    Dex: 12 (14) Spells: 2/4 levels left

rFire   . . .        b - +0 shortbow (freeze)
rCold   . . .        (shield currently unavailable)
rNeg    . . .        c - +0 leather armour
rPois   +            (no helmet)
rElec   .            (no cloak)
rCorr   .            (no gloves)
SInv    +            (no barding)
Will    .....        n - amulet of guardian spirit
Stlth   +            (no ring)
HPRegen 0.27/turn    (no ring)
MPRegen 0.09/turn

%: guardian spirit
@: very slow
A: AC +1, large, see invisible, deformed body, poison resistance, slowness 2,
spit poison 1, naga tail 1
a: Spit Poison, Renounce Religion, Berserk


You were on level 3 of the Dungeon.
You worshipped Trog.
Trog was aware of your devotion.
You visited 1 branch of the dungeon, and saw 3 of its levels.

You collected 116 gold pieces.

Inventory:

Hand Weapons
 a - a +0 broad axe
 b - a +0 shortbow of freezing (weapon)
Armour
 c - a +0 leather armour (worn)
 q - an orb of mayhem
Jewellery
 n - an amulet of guardian spirit (around neck)
Scrolls
 e - a scroll of amnesia {unknown}
 f - 3 scrolls of teleportation
 g - 2 scrolls of fog {unknown}
 h - a scroll of noise {unknown}
 i - a scroll of enchant weapon
 k - a scroll of identify
 m - a scroll of butterflies
 o - a scroll of revelation {unknown}
Potions
 d - a potion of curing
 j - a potion of might


   Skills:
 - Level 2.0 Fighting
 + Level 5.3 Ranged Weapons
 - Level 1.5 Dodging
 - Level 1.5 Stealth
 - Level 2.5 Conjurations
 - Level 1.7 Translocations


You had 2 spell levels left.
You knew the following spells:

 Your Spells              Type           Power      Damage    Failure   Level
a - Momentum Strike       Conj/Tloc      8%         3d8       32%         2

Your spell library contained the following spells:

 Spells                   Type           Power      Damage    Failure   Level
 Blink                    Tloc           6%         N/A       36%         2
 Lesser Beckoning         Tloc           6%         N/A       36%         2


Dungeon Overview and Level Annotations

Branches:
Dungeon (3/15)

Altars:
Dithmenos
Gozag
Trog
Xom
Yredelemnul
The Shining One

Shops:
D:3 (


Innate Abilities, Weirdness & Mutations

Your serpentine skin is tough. (AC +1)
You have supernaturally acute eyesight. (SInv)
Armour fits poorly on your strangely shaped body.
Your system is resistant to poisons. (rPois)
You cover ground very slowly.
You can spit poison.
You have a snake-like lower body.


Message History

You now have 102 gold pieces (gained 9).
You now have 116 gold pieces (gained 14).
There is a stone staircase leading up here.
There is a stone staircase leading up here.
There is an escape hatch in the ceiling here.
A jelly is nearby!
A jelly is nearby!
A jelly is nearby!
A jelly is nearby!
You shoot an arrow. The arrow hits the jelly.
The arrow freezes the jelly.
The jelly is lightly wounded.
You shoot an arrow. The arrow hits the jelly.
The arrow freezes the jelly.
The jelly is moderately wounded.
You shoot an arrow. The arrow hits the jelly!
The arrow freezes the jelly.
The jelly is almost dead.
You shoot an arrow. The arrow hits the jelly.
The arrow freezes the jelly.
You kill the jelly!
No target in view!
No target in view!
No target in view!
No target in view!
No target in view!
No target in view!
No target in view!
No target in view!
No target in view!
No target in view!
No target in view!
No target in view!
You can't go down here!
There is a faded altar of an unknown god here.
This altar belongs to (a) Sif Muna, (b) Trog or (c) Dithmenos, but you can't tell which.
Press the corresponding letter to learn more about a god, or press enter to convert or escape to cancel.
Trog accepts your prayer! Trog welcomes you!
You can now go berserk at will.
Unknown command.
Press < or > to pray at altars.
Unknown command.
Press < or > to pray at altars.
Are you sure you want to abandon this character and quit the game? (Confirm with "yes".)

.##....##.#.#####...##.####.###8.
....>........# #.#.##.# #.....⌠
##..#........# #.#.##.# #####8.
#..#........####.#.##.# #.⌠
#..#..........##.#.##.# #8.
#..#........#.##.#.##.# ###
#..#........#.##.#.##.#
#...........#....#.##.#
##.......^.....@.#.##.#
###...............##.#
#.##.#######..####.# #.##.#####
#..# #.# #........# #..# #.#
####.###.###..####.########## #.#
#...........#.<....... #.#
#####..######.######## #.#
#.<######.#


There were no monsters in sight!

Vanquished Creatures
  A jelly (D:3)
  An orc priest (D:3)
  An orc wizard (D:3)
  Robin (D:3)
  2 adders
  A ribbon worm (D:3)
  2 dart slugs (D:1)
  8 orcs (D:3)
  2 ball pythons (D:1)
  6 endoplasms
  8 goblins
  9 hobgoblins
  9 jackals
  3 bats
  7 frilled lizards
  11 kobolds
  5 rats
77 creatures vanquished.

Notes
Turn   | Place    | Note
-------+----------+-------------------------------------------
     0 | D:1      | spaghetti the Naga Hunter began the quest for the Orb.
     0 | D:1      | Reached XP level 1. HP: 19/19 MP: 1/1
    52 | D:1      | Reached skill level 4 in Ranged Weapons
    52 | D:1      | Reached XP level 2. HP: 13/26 MP: 2/2
   269 | D:2      | Reached XP level 3. HP: 28/32 MP: 3/3
  1498 | D:2      | Reached skill level 5 in Ranged Weapons
  1503 | D:2      | Reached XP level 4. HP: 36/39 MP: 4/4
  1507 | D:2      | Learned a level 2 spell: Momentum Strike
  1545 | D:3      | Found a faded altar of an unknown god.
  1573 | D:3      | Found Belor's Antique Weapon Shoppe.
  1634 | D:3      | Reached skill level 1 in Conjurations
  1710 | D:3      | Noticed Robin
  1727 | D:3      | Killed Robin
  1728 | D:3      | Reached skill level 1 in Translocations
  1761 | D:3      | Reached XP level 5. HP: 29/45 MP: 5/5
  2142 | D:3      | Found an opulent altar of Gozag.
  2142 | D:3      | Found a basalt altar of Yredelemnul.
  2142 | D:3      | Found a basalt altar of Yredelemnul.
  2142 | D:3      | Found a glowing golden altar of the Shining One.
  2142 | D:3      | Found a shimmering altar of Xom.
  2142 | D:3      | Found a shadowy altar of Dithmenos.
  2507 | D:3      | Prayed at the altar of an unknown god.
  2507 | D:3      | Became a worshipper of Trog the Wrathful
  2507 | D:3      | Reached * piety under Trog
  2508 | D:3      | Quit the game

Illustrated notes

Levels and vault maps discovered:
D:1:      dpeg_arrival_tiny_i, layout_basic
D:2:      layout_loops_cross
D:3:      cheibrodos_fertilizer, layout_loops_ring, basic_ecumenical_altar,
          serial_shops, nicolae_shop_temple_entry_statues_fountains,
          minmay_unequal, uniq_robin

Skill      XL: |  1  2  3  4  5 |
---------------+----------------+-----
Ranged Weapons | 4 5 |  5.3
Conjurations   | 1 2 |  2.5
Translocations | 1 |  1.7
Fighting       | |  2.0
Dodging        | |  1.5
Stealth        | |  1.5

Action                     |  1- 3 |  4- 6 || total
---------------------------+-------+-------++-------
  Melee: Broad axe         |       |     8 ||     8
   Fire: Shortbow          |   124 |    75 ||   199
Ability: Spit Poison       |     3 |       ||     3
    Use: Scroll            |     6 |     1 ||     7
         Potion            |       |     5 ||     5
 Armour: Leather armour    |    43 |    36 ||    79
  Dodge: Dodged            |    37 |    19 ||    56
